 Dungeon Crawl Stone Soup version 0.27.1 (webtiles) character file.

Game seed: 3058948488284559443

958 Descartes the Covert (level 7, 0/35 HPs)
             Began as a Spriggan Delver on Aug 31, 2021.
             Slain by a hornet (10 damage)
             ... on level 5 of the Dungeon.
             The game lasted 00:10:34 (6151 turns).

Descartes the Covert (Spriggan Delver)              Turns: 6151, Time: 00:10:37

Health: 0/35       AC:  4    Str: 10    XL:     7   Next: 91%
Magic:  0/13       EV: 20    Int: 11    God:
Gold:   10         SH:  0    Dex: 17    Spells: 8/13 levels left

rFire    . . .     SeeInvis +   C - +0 rapier
rCold    . . .     Faith    .   (shield restricted)
rNeg     . . .     Spirit   +   b - +0 robe
rPois    +         Reflect  .   (helmet restricted)
rElec    .         Harm     .   B - +1 cloak {rPois}
rCorr    +         Rampage  .   (gloves unavailable)
Will     +....                  (boots unavailable)
Stlth    ++++......             o - amulet of guardian spirit
HPRegen  0.11/turn              x - ring of resist corrosion
MPRegen  0.13/turn              y - +4 ring of slaying

@: very quick
A: very small, no large weapons, unfitting armour, see invisible, speed 3
a: no special abilities


You were on level 5 of the Dungeon.
You visited 1 branch of the dungeon, and saw 5 of its levels.

You collected 248 gold pieces.
You spent 238 gold pieces at shops.

Inventory:

Hand Weapons
 C - a +0 rapier (weapon)
Missiles
 h - 39 sling bullets
 l - 40 arrows
 n - 287 stones
 t - 17 bolts
 A - 5 boomerangs (quivered)
Armour
 b - a +0 robe (worn)
 B - a +1 cloak of poison resistance (worn)
Jewellery
 o - an amulet of guardian spirit (around neck)
 x - a ring of resist corrosion (left hand)
 y - a +4 ring of slaying (right hand)
 F - an amulet of faith
Wands
 g - a wand of digging (3)
 j - a wand of paralysis (10)
Scrolls
 c - 2 scrolls of fog
 d - a scroll of magic mapping
 e - 2 scrolls of fear
 k - a scroll of brand weapon {unknown}
 m - a scroll of vulnerability {unknown}
 p - a scroll of teleportation
 q - a scroll of enchant armour {unknown}
 s - 2 scrolls of blinking {unknown}
 u - a scroll of summoning {unknown}
 v - a scroll of noise
 w - 2 scrolls of identify
Potions
 a - a potion of invisibility
 f - 2 potions of haste
 i - a potion of heal wounds
 r - a potion of magic
 z - a potion of attraction
 D - a potion of brilliance
 E - a potion of flight


   Skills:
 - Level 2.4 Fighting
 + Level 5.1 Short Blades
 + Level 6.2 Dodging
 + Level 9.8 Stealth
 + Level 3.9 Spellcasting
 + Level 2.3 Hexes
 + Level 1.6 Air Magic
 + Level 2.5 Evocations


You had 8 spell levels left.
You knew the following spells:

 Your Spells              Type           Power      Damage    Failure   Level
a - Silence               Hex/Air        3%         N/A       96%         5

Your spell library contained the following spells:

 Spells                   Type           Power      Damage    Failure   Level
 Dazzling Flash           Conj/Hex       8%         N/A       41%         3
 Agony                    Necr           2%         N/A       100%        5


Dungeon Overview and Level Annotations

Branches:
Dungeon (5/15)
 Temple: D:4-7

Altars:
Cheibriados
Elyvilon
Fedhas
Kikubaaqudgha
Makhleb
Qazlal
Uskayaw
Vehumet
Xom
Yredelemnul
The Shining One

Shops:
D:5 *


Innate Abilities, Weirdness & Mutations

You are very small and have problems with some larger weapons.
You are too small for most types of armour.
You have supernaturally acute eyesight. (SInv)
You cover ground extremely quickly. (Speed+++)


Message History

You kill the orc!
The hornet buzzes angrily.
The hornet closely misses you.
You barely miss the hornet. The hornet completely misses you. x2
You puncture the hornet!
The hornet is moderately wounded.
The hornet barely misses you.
You puncture the hornet!
The hornet is heavily wounded.
The hornet closely misses you.
You closely miss the hornet.
The hornet is moderately wounded.
The hornet closely misses you. x2
You closely miss the hornet.
The hornet is moderately wounded.
The hornet barely misses you.
You closely miss the hornet.
The hornet is moderately wounded.
The hornet stings you. The hornet barely misses you.
You hit the hornet.
The hornet is heavily wounded.
The hornet stings you!
You suddenly lose the ability to move!
You can move again.
You closely miss the hornet.
The hornet is heavily wounded.
The hornet completely misses you. The hornet stings you.
You shrug off the repeated paralysis!
You hit the hornet.
The hornet is severely wounded.
The hornet stings you!
You feel yourself slow down.
You miss the hornet.
The hornet is severely wounded.
The hornet barely misses you. The hornet misses you.
You hit the hornet.
The hornet is severely wounded.
You feel yourself speed up. The hornet stings you. x2
* * * LOW HITPOINT WARNING * * *
The hornet stings you!
You die...

# #.# #.# #.## #.## #..#
#..# ##.# ##.#
#####.#########.########
.#......................
.#..#...##.....######+##
....#.#.....##.#)..#
..#...#.)##....'@..+
..#......†.....#.y.#
####################


You could see a hornet.

Vanquished Creatures
  A water moccasin (D:5)
  A sky beast (D:5)
  A black bear (D:5)
  An ogre (D:4)
  A water moccasin zombie (D:5)
  A water moccasin skeleton (D:4)
  A howler monkey (D:5)
  A bullfrog zombie (D:5)
  2 hounds (D:5)
  A bullfrog skeleton (D:5)
  A jelly (D:5)
  3 iguanas
  Jessica (D:3)
  An orc wizard (D:4)
  A hound zombie (D:5)
  6 adders
  An adder skeleton (D:5)
  An adder zombie (D:5)
  2 worms
  3 dart slugs
  7 orcs
  8 bats
  4 endoplasms
  2 giant cockroaches (D:4)
  7 goblins
  4 hobgoblins
  7 jackals (D:2)
  6 kobolds
  7 quokkas
  8 ball pythons
  A frilled lizard (D:3)
  8 rats
100 creatures vanquished.

Notes
Turn   | Place    | Note
-------+----------+-------------------------------------------
     0 | D:5      | Descartes the Spriggan Delver began the quest for the Orb.
     0 | D:5      | Reached XP level 1. HP: 11/11 MP: 2/2
     1 | D:5      | Found a stormy altar of Qazlal.
    31 | D:5      | Found a blossoming altar of Fedhas.
    37 | D:5      | Reached XP level 2. HP: 16/16 MP: 3/3
   113 | D:5      | Found a glowing golden altar of the Shining One.
   528 | D:1      | Reached XP level 3. HP: 19/19 MP: 2/4
   861 | D:1      | Found a faded altar of an unknown god.
  1192 | D:2      | Reached skill level 1 in Spellcasting
  1895 | D:2      | Reached XP level 4. HP: 21/23 MP: 7/7
  2026 | D:2      | Reached skill level 8 in Stealth
  2516 | D:3      | Noticed Jessica
  2533 | D:3      | Killed Jessica
  2788 | D:3      | Found a white marble altar of Elyvilon.
  2931 | D:3      | Found a shimmering altar of Xom.
  2936 | D:3      | Found a shimmering altar of Xom.
  3329 | D:4      | Found a burning altar of Makhleb.
  3361 | D:4      | Reached XP level 5. HP: 15/27 MP: 6/9
  4278 | D:4      | Found a hide-covered altar of Uskayaw.
  4280 | D:4      | Found a snail-covered altar of Cheibriados.
  4394 | D:4      | Noticed an ogre
  4396 | D:4      | Killed an ogre
  4397 | D:4      | Reached skill level 5 in Dodging
  4397 | D:4      | Reached skill level 9 in Stealth
  4397 | D:4      | Reached XP level 6. HP: 32/32 MP: 11/11
  4502 | D:5      | Found an ancient bone altar of Kikubaaqudgha.
  4633 | D:5      | Found a radiant altar of Vehumet.
  4756 | D:5      | Learned a level 5 spell: Silence
  4973 | D:5      | Identified the +2 pair of boots "Beoqusay" {Regen+}
  5026 | D:5      | Reached XP level 7. HP: 33/35 MP: 12/12
  5028 | D:5      | Found a basalt altar of Yredelemnul.
  5095 | D:5      | Reached skill level 1 in Evocations
  5241 | D:5      | Found Jeg Ciprutz's General Store.
  5265 | D:5      | Reached skill level 1 in Hexes
  5265 | D:5      | Reached skill level 1 in Air Magic
  5519 | D:5      | Bought a potion of invisibility for 112 gold pieces
  5519 | D:5      | Bought a scroll of identify for 28 gold pieces
  5519 | D:5      | Bought a potion of brilliance for 56 gold pieces
  5519 | D:5      | Bought a potion of flight for 42 gold pieces
  5900 | D:5      | Reached skill level 5 in Short Blades
  6136 | D:5      | Noticed a hornet
  6147 | D:5      | Paralysed by a hornet for 1 turns
  6151 | D:5      | Slain by a hornet

Illustrated notes

Levels and vault maps discovered:
D:1:      psy_arrival_statuary, layout_basic, basic_ecumenical_altar
D:2:      layout_loops_ring
D:3:      layout_rooms, xom_redecorated, mainiacjoe_overflow_catwalk,
          kennysheep_generic_room_11, uniq_jessica
D:4:      layout_loops_ring, jmf_multi_god_temple, lemuel_crystal_altar
D:5:      minmay_thinvault, layout_loops_ring,
          grunt_temple_overflow_forces_of_nature,
          mainiacjoe_overflow_catwalk_spiral, lemuel_zombie_altar_yredelemnul,
          lemuel_tele_altar, serial_shops, shop

Skill      XL: |  1  2  3  4  5  6  7 |
---------------+----------------------+-----
Dodging        | 3 4 5 6 |  6.2
Spellcasting   | 1 2 3 |  3.9
Short Blades   | 3 4 5 |  5.1
Stealth        | 8 9 |  9.8
Evocations     | 2 |  2.5
Hexes          | 2 |  2.3
Air Magic      | 1 |  1.6
Fighting       | |  2.4

Action                   |  1- 3 |  4- 6 |  7- 9 || total
-------------------------+-------+-------+-------++-------
Melee: Short sword       |   144 |   214 |       ||   358
       Rapier            |       |    17 |    89 ||   106
Throw: Boomerang         |       |    18 |       ||    18
       Stone             |       |     1 |       ||     1
  Use: Scroll            |       |     2 |     3 ||     5
       Potion            |       |     2 |       ||     2
 Stab: Sleeping          |    25 |    13 |     3 ||    41
Armor: Robe              |    24 |    15 |    10 ||    49
Dodge: Dodged            |   131 |   188 |    78 ||   397
